AoeStats
← adilustaoglu

Four Lakes

509475067Analyzed
1v1 RM · 6d ago on Sep 26, 2026· 60m 53s· 2 players
Game mode
Random Map
Map size
Tiny (2 player)
Population
200
Speed
Normal
Resources
Standard
Victory
Conquest
Starting age
Dark Age
Ending age
Imperial Age
RankedLock teamsTeams togetherTeam positionsShared explorationLock speedFull tech treeHidden civsTurbo modeCheats
Victory
Defeat
🇵🇱 Varangians · Poland
592
+14
🇹🇷 Inca · Türkiye
557
-14
adilustaoglu
10:04 Loom
11:49 Feudal Age
19:02 Castle Age
18:27 Double-Bit Axe
18:24 Horse Collar
19:21 Champi Runner
20:36 Fishing Lines
26:04 Champi Warrior
29:19 Fortified Wall
29:08 Murder Holes
37:46 Ballistics
37:17 Guard Tower
38:11 Heavy Plow
38:22 Bow Saw
40:47 Imperial Age
39:18 Fletching
39:29 Padded Archer Armor
41:01 Capped Ram
42:59 Wheelbarrow
42:10 Town Watch
42:58 Andean Sling
42:59 Fabric Shields
47:36 Siege Ram
51:04 Chemistry
49:50 Arrowslits
49:58 Elite Skirmisher
55:13 Pikeman
56:56 Halberdier
who_likes_cookies
0:49 Loom
13:41 Feudal Age
15:42 Double-Bit Axe
21:28 Castle Age
21:52 Wheelbarrow
21:04 Town Watch
25:45 Hand Cart
25:30 Town Patrol
25:44 Bow Saw
27:30 Forging
28:29 Horse Collar
29:00 Scale Barding Armor
29:32 Iron Casting
28:47 Fletching
30:33 Gold Mining
30:35 Stone Mining
33:10 Bloodlines
37:46 Vendel Legacy
44:07 Imperial Age
42:22 Heavy Plow
44:25 Cavalier
45:50 Ballistics
45:26 Murder Holes
49:57 Husbandry
51:26 Chemistry
51:33 Blast Furnace
50:29 Bodkin Arrow
50:55 Chain Barding Armor
55:24 Capped Ram
Connection lost

Rejoining the realm…

Still unreachable

The connection could not be restored.

Session expired

The server has moved on; the page needs a fresh start.